 Dungeon Crawl Stone Soup version 0.29-a0-414-g5075937ec3 (webtiles) character file.

Game seed: 5350283217473378054

1236 ytrimaz the Covered (level 8, -3/61 HPs)
             Began as a Demonspawn Fighter on May 15, 2022.
             Was a Follower of Cheibriados.
             Slain by an orc
             ... wielding a +0 flail
              (8 damage)
             ... on level 7 of the Dungeon.
             The game lasted 00:05:55 (7826 turns).

ytrimaz the Covered (Demonspawn Fighter)            Turns: 7826, Time: 00:05:56

Health: -3/61      AC: 11    Str: 20    XL:     8   Next: 24%
Magic:  11/11      EV:  9    Int: 13    God:    Cheibriados [*.....]
Gold:   250        SH:  5    Dex: 16    Spells: 7/7 levels left

rFire   . . .      SeeInvis +   a - +1 rapier
rCold   . . .      Faith    .   c - +0 buckler
rNeg    . . .      Spirit   .   d - +3 scale mail of Wakkuuraa {Contam rPois SInv}
rPois   +          Reflect  .   (helmet restricted)
rElec   .          Harm     .   (no cloak)
rCorr   .          Rampage  .   (no gloves)
Will    .....                   l - +0 pair of boots
Stlth   ..........              (no amulet)
HPRegen 0.20/turn               (no ring)
MPRegen 0.12/turn               (no ring)

@: very slow
A: horns 1, ignite blood 2, big brain 1
a: Renounce Religion, Bend Time


You were on level 7 of the Dungeon.
You worshipped Cheibriados.
Cheibriados was aware of your devotion.
You visited 2 branches of the dungeon, and saw 8 of its levels.

You collected 250 gold pieces.

Inventory:

Hand Weapons
 a - a +1 rapier (weapon)
Missiles
 o - a throwing net (quivered)
Armour
 b - a +1 scale mail
 c - a +0 buckler (worn)
 d - the +3 scale mail of Wakkuuraa (worn) {Contam rPois SInv}
   (You found it on level 2 of the Dungeon)

   rPois:     It protects you from poison.
   SInv:      It lets you see invisible.
   Contam:    It causes magical contamination when unequipped.
 l - a +0 pair of boots (worn)
 v - a +0 plate armour of positive energy
Jewellery
 w - an amulet of guardian spirit
Scrolls
 e - a scroll of blinking
 f - 7 scrolls of teleportation
 g - 3 scrolls of magic mapping
 i - a scroll of enchant armour
 t - 4 scrolls of fear
Potions
 h - 4 potions of mutation
 j - 4 potions of lignification
 k - 2 potions of heal wounds
 m - 2 potions of brilliance {unknown}
 n - a potion of magic {unknown}
 p - 2 potions of degeneration {unknown}
 q - 2 potions of flight
 r - a potion of curing {unknown}
 s - a potion of cancellation {unknown}
 u - a potion of invisibility {unknown}


   Skills:
 + Level 4.5 Fighting
 + Level 5.2 Short Blades
 + Level 5.9 Armour
 + Level 3.9 Shields
 * Level 4.5 Invocations


You had 7 spell levels left.
You didn't know any spells.
Your spell library contained the following spells:

 Spells                   Type           Power      Damage    Failure   Level
 Static Discharge         Conj/Air       0%         N/A       85%         2
 Summon Lightning Spire   Summ/Air       0%         N/A       100%        4
 Lightning Bolt           Conj/Air       0%         1d11      100%        5
 Storm Form               Tmut/Air       0%         N/A       100%        7
 Maxwell's Capacitive Co  Air            0%         ∞         100%        8


Dungeon Overview and Level Annotations

Branches:
Dungeon (7/15)             Temple (1/1) D:4

Altars:
Ashenzari
Cheibriados
Dithmenos
Elyvilon
Fedhas
Gozag
Hepliaklqana
Kikubaaqudgha
Makhleb
Nemelex Xobeh
Okawaru
Qazlal
Ru
Sif Muna
Trog
Uskayaw
Vehumet
Wu Jian
Xom
Yredelemnul
Zin
The Shining One

Shops:
D:1 (   D:2 !

Annotations:
D:5 3 runed translucent doors, elongatedgoose's ghost, novice DsNe; sammy202020's ghost, novice MiFi


Innate Abilities, Weirdness & Mutations

You have a pair of small horns on your head.
Your demonic aura often causes spilled blood to erupt in flames.
You have an unusually large brain. (Int +2)


Message History

The orc wizard hits you but does no damage.
Unknown command.
You barely miss the orc wizard. You headbutt the orc wizard.
The orc wizard is almost dead.
The orc hits you with a +0 flail.
* * * LOW HITPOINT WARNING * * *
The orc wizard mumbles some strange words.
The orc wizard flickers and vanishes for a moment.
Unknown command.
You closely miss the orc wizard. Your headbutt misses the orc wizard.
The orc wizard is almost dead.
The orc misses you.
The orc wizard hits you but does no damage.
You hit the orc wizard but do no damage.
The orc wizard is almost dead.
You block the orc's attack.
The orc wizard gestures at you while chanting.
The magic dart hits you but does no damage.
Unknown command.
You hit the orc wizard.
You kill the orc wizard!
Cheibriados thoroughly appreciates the change of pace.
The orc hits you with a +0 flail.
* * * LOW HITPOINT WARNING * * *
Unknown command.
You barely miss the orc. You headbutt the orc.
The orc is severely wounded.
You block the orc's attack. The orc hits you with a +0 short sword.
* * * LOW HITPOINT WARNING * * *
You barely miss the orc.
The orc is severely wounded.
The orc hits you but does no damage. You block the orc's attack.
Unknown command.
You puncture the orc!
You kill the orc!
Cheibriados thoroughly appreciates the change of pace.
The orc completely misses you.
Unknown command.
The orc hits you with a +0 flail!
You die...

#.################
#.................
#.################
#.# #.# #.# #)#
####°# #..o@#
........# #
####....# # #....#
# #....# # #....#
# #....# #....# ##


You could see an orc.

Vanquished Creatures
  Eustachio (D:5)
  An ice beast (D:6)
  A sky beast (D:7)
  An ogre (D:4)
  A centaur (D:5)
  2 scorpions
  2 bullfrogs (D:7)
  A gnoll sergeant (D:7)
  A wight (D:7)
  An orc priest (D:7)
  A hound (D:7)
  An iguana (D:7)
  5 orc wizards
  Robin (D:2)
  4 gnolls (D:7)
  5 adders
  A white imp (D:6)
  A worm (D:4)
  A dart slug (D:4)
  21 orcs
  An endoplasm (D:3)
  A giant cockroach (D:2)
  10 goblins
  6 hobgoblins (D:2)
  A quokka (D:3)
  3 ball pythons (D:3)
  4 bats
  2 kobolds (D:3)
  7 rats
88 creatures vanquished.

Vanquished Creatures (others)
  5 withered plants (D:5)
5 creatures vanquished.

Grand Total: 93 creatures vanquished

Notes
Turn   | Place    | Note
-------+----------+-------------------------------------------
     0 | D:1      | ytrimaz the Demonspawn Fighter began the quest for the Orb.
     0 | D:1      | Reached XP level 1. HP: 18/18 MP: 1/1
    95 | D:1      | Found Zotam's Antique Weapon Shoppe.
   427 | D:1      | Found a faded altar of an unknown god.
   712 | D:2      | Gained mutation: You have a pair of small horns on your
                  | head. [demonic ancestry]
   712 | D:2      | Reached XP level 2. HP: 21/24 MP: 2/2
   799 | D:2      | Found Nijy's Distillery.
  1014 | D:2      | Noticed Robin
  1048 | D:2      | Reached XP level 3. HP: 13/29 MP: 3/3
  1048 | D:2      | Killed Robin
  1473 | D:2      | Identified the +3 scale mail of Wakkuuraa {Contam rPois
                  | SInv}
  1749 | D:3      | Gained mutation: Your demonic aura sometimes causes spilled
                  | blood to erupt in flames. [demonic ancestry]
  1749 | D:3      | Reached XP level 4. HP: 24/35 MP: 4/4
  2990 | D:4      | Found a staircase to the Ecumenical Temple.
  2993 | D:4      | Noticed an ogre
  2997 | D:4      | Killed an ogre
  2998 | D:4      | Reached XP level 5. HP: 21/42 MP: 5/5
  3005 | Temple   | Entered the Ecumenical Temple
  3416 | Temple   | Became a worshipper of Cheibriados the Contemplative
  4021 | D:4      | Found an ornate altar of the Wu Jian Council.
  4033 | D:4      | You fall into a shaft and drop 2 floors!
  4090 | D:5      | Entered Level 5 of the Dungeon
  4090 | D:5      | Noticed a centaur
  4112 | D:5      | Noticed Eustachio
  4125 | D:5      | Killed Eustachio
  4126 | D:5      | Reached skill level 1 in Invocations
  4126 | D:5      | Gained mutation: Your demonic aura often causes spilled
                  | blood to erupt in flames. [demonic ancestry]
  4126 | D:5      | Reached XP level 6. HP: 30/48 MP: 5/7
  4911 | D:5      | Found a runed translucent gate.
  4912 | D:5      | Found a runed translucent gate.
  4912 | D:5      | Found a runed translucent gate.
  4913 | D:5      | Noticed elongatedgoose's ghost (novice DsNe)
  4913 | D:5      | Noticed sammy202020's ghost (novice MiFi)
  5597 | D:6      | Reached XP level 7. HP: 44/54 MP: 8/8
  5972 | D:6      | Reached skill level 5 in Armour
  7098 | D:7      | Gained mutation: You have an unusually large brain. (Int
                  | +2) [demonic ancestry]
  7098 | D:7      | Reached XP level 8. HP: 23/61 MP: 9/11
  7344 | D:7      | Reached skill level 5 in Short Blades
  7656 | D:7      | Reached * piety under Cheibriados
  7826 | D:7      | Slain by an orc

Illustrated notes

Levels and vault maps discovered:
D:1:      beargit_arrival_diablo_church, layout_basic,
          shapermc_ecumenical_altar_totnotflames, serial_shops,
          nicolae_shop_advertising_works [nicolae_subvault_shop_adworks]
D:2:      layout_loops_ring, serial_shops, shop, uniq_robin
D:3:      layout_basic, grunt_decor_mini_mirrors
D:4:      layout_basic, pdpol_wu_jian_five_deadly_venoms,
          minmay_temple_entry_glass
D:5:      layout_loops_ring, gammafunk_ghost_cemetery, uniq_eustachio
D:6:      layout_cave_pods
D:7:      layout_basic, kennysheep_potato
Temple:   roderic_octagonal_lattice_temple

Skill      XL: |  1  2  3  4  5  6  7  8 |
---------------+-------------------------+-----
Armour         | 3 4 5 |  5.9
Short Blades   | 2 3 4 5 |  5.2
Shields        | 3 |  3.9
Invocations    | 1 2 4 |  4.5
Fighting       | 4 |  4.5

Action                   |  1- 3 |  4- 6 |  7- 9 || total
-------------------------+-------+-------+-------++-------
Melee: Rapier            |    75 |   146 |   136 ||   357
       Headbutt          |     5 |    29 |    32 ||    66
  Use: Potion            |     2 |       |       ||     2
       Scroll            |     6 |     5 |     2 ||    13
Armor: Scale mail        |    67 |    98 |    58 ||   223
Dodge: Dodged            |    40 |    97 |    36 ||   173
Block: Buckler           |    16 |    48 |    29 ||    93

Table legend: (Time is in decaauts)
 A = Elapsed time spent in this place.
 B = Non-inter-level travel time spent in this place.
 C = Inter-level travel time spent in this place.
 D = Time resting spent in this place.
 E = Time spent auto-exploring this place.
 F = Levels seen in this place.
 G = Mean time per level.
                   A        B        C        D        E       F      G
               +--------+--------+--------+--------+--------+-----+--------+
         Total |   8603 |   8253 |    350 |    350 |   6872 |   8 | 1075.4 |
       Dungeon |   8159 |   7838 |    321 |    350 |   6489 |   7 | 1165.6 |
        Temple |    444 |    416 |     28 |      0 |    383 |   1 |  444.0 |
               +--------+--------+--------+--------+--------+-----+--------+

Top non-repeatable levels by time:
     D:6: 1512 daAuts
     D:5: 1303 daAuts
     D:7: 1290 daAuts
     D:4: 1272 daAuts
     D:3: 1127 daAuts
     D:2: 1008 daAuts
     D:1: 644 daAuts
  Temple: 444 daAuts
